 Dungeon Crawl Stone Soup version 0.31-a0-174-g85c54bcb58 (webtiles) character file.

Game seed: 7838763905856155702

175 qw the Shooter (level 5, -1/49 HPs)
             Began as a Naga Hunter on June 15, 2023.
             Was an Initiate of Okawaru.
             Slain by Ijyb
             ... wielding a +0 club
              (6 damage)
             ... on level 3 of the Dungeon.
             The game lasted 00:00:50 (2508 turns).

qw the Shooter (Naga Hunter)                        Turns: 2508, Time: 00:00:51

Health: -1/49      AC:  3    Str: 13    XL:     5   Next: 55%
Magic:  5/5        EV:  9    Int: 10    God:    Okawaru [......]
Gold:   80         SH:  0    Dex: 16    Spells: 4/4 levels left

rFire   . . .        Y - +0 shortbow
rCold   . . .        (shield currently unavailable)
rNeg    . . .        c - +0 leather armour
rPois   +            (no helmet)
rElec   .            (no cloak)
rCorr   .            (no gloves)
SInv    +            (no barding)
Will    .....        (no amulet)
Stlth   ++           (no ring)
HPRegen 0.28/turn    (no ring)
MPRegen 0.09/turn

%: no passive effects
@: short of breath, very slow
A: AC +1, large, see invisible, deformed body, poison resistance, slowness 2,
spit poison 1, naga tail 1
a: Spit Poison, Renounce Religion


You were on level 3 of the Dungeon.
You worshipped Okawaru.
Okawaru was noncommittal.
You visited 1 branch of the dungeon, and saw 3 of its levels.

You collected 80 gold pieces.


Innate Abilities, Weirdness & Mutations

Your serpentine skin is tough. (AC +1)
You have supernaturally acute eyesight. (SInv)
Armour fits poorly on your strangely shaped body.
Your system is resistant to poisons. (rPois)
You cover ground very slowly.
You can spit poison.
You have a snake-like lower body.


   Skills:
 - Level 3.1 Fighting
 + Level 5.6 Ranged Weapons
 - Level 1.5 Dodging
 - Level 1.5 Stealth


You had 4 spell levels left.
You didn't know any spells.
Your spell library was empty.

Inventory:

Hand Weapons
 Y - a +0 shortbow (weapon)
Armour
 c - a +0 leather armour (worn)
Scrolls
 h - a scroll of identify
 k - a scroll of brand weapon {unknown}
Potions
 b - a potion of might {unknown}
 d - a potion of heal wounds {unknown}
 e - a potion of lignification {unknown}
 f - a potion of mutation {unknown}
 g - a potion of degeneration {unknown}
 i - a potion of enlightenment {unknown}
 j - a potion of invisibility

Dungeon Overview and Level Annotations

Branches:
Dungeon (3/15)

Altars:
Okawaru
The Shining One

Annotations:
D:2 1 runed translucent door, Crazy Yiuf
D:3 Ijyb


Message History

Ijyb barely misses you. Ijyb hits you with a +0 club!
2498 ||| INVOKING Spit Poison.
Aiming: Spit Poison (1% risk of failure)
Press: ? - help, Shift-Dir - straight line, f/p - Ijyb The splash of poison hits Ijyb but does no damage.
Ijyb is moderately wounded.
Ijyb hits you with a +0 club.
You shoot an arrow. The arrow hits Ijyb but does no damage.
Ijyb is moderately wounded.
Ijyb grins evilly.
Ijyb barely misses you.
You shoot an arrow. The arrow hits Ijyb.
Ijyb is heavily wounded.
Ijyb hits you with a +0 club.
You shoot an arrow. The arrow hits Ijyb but does no damage.
Ijyb is heavily wounded.
Ijyb hits you with a +0 club.
You shoot an arrow. The arrow closely misses Ijyb.
You have got your breath back.
Ijyb hits you with a +0 club.
2503 ||| INVOKING Spit Poison.
Aiming: Spit Poison (1% risk of failure)
Press: ? - help, Shift-Dir - straight line, f/p - Ijyb The splash of poison hits Ijyb.
Ijyb is severely wounded.
Ijyb hits you with a +0 club.
You shoot an arrow. The arrow hits Ijyb.
Ijyb is severely wounded.
Ijyb hits you but does no damage.
You shoot an arrow. The arrow hits Ijyb.
Ijyb is almost dead.
Ijyb hits you with a +0 club. Ijyb closely misses you.
You shoot an arrow. The arrow closely misses Ijyb.
Ijyb hits you with a +0 club.
You shoot an arrow. The arrow hits Ijyb.
Ijyb is almost dead.
Ijyb hits you with a +0 club.
You shoot an arrow. The arrow barely misses Ijyb.
Ijyb hits you with a +0 club.
You die...

##### #..#...######..<.....)...
....# #..#.#.............#.....
###.# #..#.#...######..#.#..).. #
#.# #..#...............#.....
###.#####..#######.###.#.........
.##........#.....................
.#########.#...........#....#....
.####....#.##..#.........####....
.........#.# #.g@......#..# #....
.####....#.####........##.###....
......#......###.......#.........
####..#..#.#.# #.......#...##)#..
##..###...#.# ###..#..#.#.##.#..
##..##.##..#.# #....#.........
#..##...##...########..###.##)#.#
..##.....##......................
.##.......##...############...#.#


You could see Ijyb (invisible).

Vanquished Creatures
  An orc priest (D:3)
  Jessica (D:3)
  An orc wizard (D:3)
  An adder (D:2)
  A worm (D:3)
  4 dart slugs
  3 orcs (D:3)
  4 bats
  7 endoplasms
  4 giant cockroaches
  7 goblins
  6 hobgoblins
  2 jackals (D:1)
  6 quokkas
  6 ball pythons
  4 frilled lizards
  3 kobolds
  3 rats
64 creatures vanquished.

Notes
Turn   | Place    | Note
-------+----------+-------------------------------------------
     0 | D:1      | qw the Naga Hunter began the quest for the Orb.
     0 | D:1      | Reached XP level 1. HP: 19/19 MP: 1/1
     0 | D:1      | 0 ||| qw: Version: 0.2-a-29-g511e9b1
     0 | D:1      | 0 ||| qw: Game counter: 5522
     0 | D:1      | 0 ||| qw: Always use a shield: true
     0 | D:1      | 0 ||| qw: God list: Okawaru
     0 | D:1      | 0 ||| qw: Allow faded altars: false
     0 | D:1      | 0 ||| qw: Do Orc after D:15 true
     0 | D:1      | 0 ||| qw: Do second Lair branch before Depths: true
     0 | D:1      | 0 ||| qw: Lair rune preference: random
     0 | D:1      | 0 ||| qw: Plans: Normal
     0 | D:1      | 0 ||| PLANNING D:1-11
    30 | D:1      | 30 ||| INVOKING Spit Poison.
    33 | D:1      | 33 ||| INVOKING Spit Poison.
    79 | D:1      | 79 ||| INVOKING Spit Poison.
    98 | D:1      | 98 ||| INVOKING Spit Poison.
   131 | D:1      | 131 ||| INVOKING Spit Poison.
   134 | D:1      | 134 ||| FLEEEEING.
   135 | D:1      | 135 ||| FLEEEEING.
   136 | D:1      | 136 ||| INVOKING Spit Poison.
   137 | D:1      | Reached skill level 4 in Ranged Weapons
   137 | D:1      | Reached XP level 2. HP: 23/26 MP: 2/2
   137 | D:1      | 137 ||| FLEEEEING.
   193 | D:1      | 193 ||| INVOKING Spit Poison.
   196 | D:1      | 196 ||| INVOKING Spit Poison.
   198 | D:1      | 198 ||| READING scroll labelled POIRAO GUIRETS.
   199 | D:1      | 199 ||| DRINKING 2 sapphire potions.
   200 | D:1      | 200 ||| DROPPING scroll of butterflies.
   201 | D:1      | 201 ||| INVOKING Spit Poison.
   213 | D:1      | 213 ||| READING scroll labelled WUMPUI ECUGUST.
   214 | D:1      | 214 ||| DROPPING potion of attraction.
   215 | D:1      | 215 ||| INVOKING Spit Poison.
   224 | D:1      | 224 ||| INVOKING Spit Poison.
   236 | D:1      | 236 ||| INVOKING Spit Poison.
   239 | D:1      | 239 ||| INVOKING Spit Poison.
   246 | D:1      | 246 ||| INVOKING Spit Poison.
   247 | D:1      | Reached XP level 3. HP: 32/32 MP: 3/3
   301 | D:1      | 301 ||| INVOKING Spit Poison.
   388 | D:1      | 388 ||| INVOKING Spit Poison.
   395 | D:1      | 395 ||| INVOKING Spit Poison.
   407 | D:1      | 407 ||| INVOKING Spit Poison.
   415 | D:1      | 415 ||| INVOKING Spit Poison.
   422 | D:1      | 422 ||| INVOKING Spit Poison.
   426 | D:1      | 426 ||| INVOKING Spit Poison.
   723 | D:1      | 723 ||| READING 2 scrolls labelled ZEATICLIAPS.
   753 | D:2      | 753 ||| INVOKING Spit Poison.
   814 | D:2      | 814 ||| INVOKING Spit Poison.
   843 | D:2      | 843 ||| INVOKING Spit Poison.
  1000 | D:2      | 1000 ||| INVOKING Spit Poison.
  1089 | D:2      | Found a runed translucent door.
  1090 | D:2      | Noticed Crazy Yiuf
  1182 | D:2      | 1182 ||| INVOKING Spit Poison.
  1213 | D:2      | 1213 ||| INVOKING Spit Poison.
  1216 | D:2      | Reached skill level 5 in Ranged Weapons
  1216 | D:2      | Reached XP level 4. HP: 39/39 MP: 4/4
  1458 | D:2      | 1458 ||| READING scroll labelled UNOROF COSAQOF.
  1459 | D:2      | 1459 ||| READING scroll labelled WAJAGO MEAM.
  1460 | D:2      | 1460 ||| READING scroll labelled VEUKHAZOKLA.
  1511 | D:3      | 1511 ||| INVOKING Spit Poison.
  1526 | D:3      | 1526 ||| INVOKING Spit Poison.
  1527 | D:3      | 1527 ||| INVOKING Spit Poison.
  1534 | D:3      | 1534 ||| INVOKING Spit Poison.
  1566 | D:3      | 1566 ||| INVOKING Spit Poison.
  1652 | D:3      | 1652 ||| INVOKING Spit Poison.
  1733 | D:3      | 1733 ||| INVOKING Spit Poison.
  1736 | D:3      | 1736 ||| INVOKING Spit Poison.
  1746 | D:3      | Found a glowing golden altar of the Shining One.
  1763 | D:3      | 1763 ||| INVOKING Spit Poison.
  1767 | D:3      | Noticed Jessica
  1768 | D:3      | 1768 ||| Stepping ~*~*~tactically~*~*~ (outnumbered).
  1769 | D:3      | 1769 ||| INVOKING Spit Poison.
  1772 | D:3      | 1772 ||| INVOKING Spit Poison.
  1773 | D:3      | Killed Jessica
  1774 | D:3      | Reached skill level 3 in Fighting
  1777 | D:3      | 1777 ||| INVOKING Spit Poison.
  1922 | D:3      | Found an iron altar of Okawaru.
  1923 | D:3      | 1923 ||| PLANNING OKAWARU WORSHIP
  1930 | D:3      | Became a worshipper of Warmaster Okawaru
  1931 | D:3      | 1931 ||| PLANNING D:1-11
  2045 | D:3      | Reached XP level 5. HP: 49/49 MP: 5/5
  2048 | D:3      | 2048 ||| INVOKING Spit Poison.
  2057 | D:3      | 2057 ||| INVOKING Spit Poison.
  2060 | D:3      | HP: 8/49 [orc priest/divine providence (10)]
  2061 | D:3      | 2061 ||| READING scroll of teleportation.
  2061 | D:3      | HP: 3/49 [orc wizard/+0 dagger (2)]
  2062 | D:3      | 2062 ||| INVOKING Spit Poison.
  2294 | D:3      | 2294 ||| INVOKING Spit Poison.
  2304 | D:3      | 2304 ||| INVOKING Spit Poison.
  2307 | D:3      | 2307 ||| INVOKING Spit Poison.
  2477 | D:3      | Noticed Ijyb
  2478 | D:3      | 2478 ||| INVOKING Spit Poison.
  2483 | D:3      | 2483 ||| INVOKING Spit Poison.
  2486 | D:3      | 2486 ||| INVOKING Spit Poison.
  2492 | D:3      | 2492 ||| INVOKING Spit Poison.
  2498 | D:3      | 2498 ||| INVOKING Spit Poison.
  2503 | D:3      | 2503 ||| INVOKING Spit Poison.
  2503 | D:3      | HP: 12/49 [Ijyb/+0 club (4)]
  2507 | D:3      | HP: 5/49 [Ijyb/+0 club (4)]
  2508 | D:3      | Slain by Ijyb

Levels and vault maps discovered:
D:1:      amcnicky_arrival_wind_blow, layout_loops_ring, nicolae_eternal_life
D:2:      layout_loops_ring, feat_on_display, uniq_crazy_yiuf_cottage
D:3:      layout_basic, tso_metal_star, mainiacjoe_overflow_cross_hatched,
          uniq_jessica, uniq_ijyb

Skill      XL: |  1  2  3  4 |
---------------+-------------+-----
Ranged Weapons | 4 5 |  5.6
Fighting       | 3 |  3.1
Dodging        | |  1.5
Stealth        | |  1.5

Action                     |  1- 3 |  4- 6 || total
---------------------------+-------+-------++-------
   Fire: Shortbow          |    41 |    67 ||   108
Ability: Spit Poison       |    27 |    23 ||    50
    Use: Scroll            |     3 |     4 ||     7
         Potion            |     1 |       ||     1
 Armour: Leather armour    |     1 |     2 ||     3
  Dodge: Dodged            |     3 |    17 ||    20

Table legend:
 A = Non-vault XP
 B = Vault XP
 C = Vault XP percentage of total XP
 D = Non-vault monster count
 E = Vault monster count
 F = Vault count percentage of total count
                 A         B        C        D         E       F
            +---------+---------+-------+---------+---------+-------
      Total |     213 |      37 |  14.8 |      63 |       1 |   1.6
            +---------+---------+-------+---------+---------+-------
        D:1 |      57 |       0 |   0.0 |      30 |       0 |   0.0
        D:2 |      39 |       0 |   0.0 |      14 |       0 |   0.0
        D:3 |     117 |      37 |  24.0 |      19 |       1 |   5.0
            +---------+---------+-------+---------+---------+-------
